 Dungeon Crawl Stone Soup version 0.30-a0-51-g784eafce7f (webtiles) character file.

Game seed: 10794196250818939542

9 BritishOli the Trooper (level 2, 24/24 HPs)
             Began as a Demonspawn Fighter on Sept 6, 2022.
             Got out of the dungeon alive.
             The game lasted 00:01:11 (430 turns).

BritishOli the Trooper (Demonspawn Fighter)          Turns: 430, Time: 00:01:12

Health: 24/24      AC:  6    Str: 16    XL:     2   Next: 3%
Magic:  2/2        EV:  8    Int:  9    God:
Gold:   8          SH:  4    Dex: 12    Spells: 1/1 levels left

rFire   . . .      SeeInvis .    a - +0 long sword
rCold   . . .      Faith    .    c - +0 buckler
rNeg    . . .      Spirit   .    b - +0 scale mail
rPois   .          Reflect  .    (no helmet)
rElec   .          Harm     .    e - scarf {repulsion}
rCorr   .          Rampage  .    (no gloves)
Will    .....                    (no boots)
Stlth   ..........               (no amulet)
HPRegen 0.08/turn                (no ring)
MPRegen 0.08/turn                (no ring)

@: repel missiles
A: demonic magic 1
a: no special abilities


You escaped.
You visited 1 branch of the dungeon, and saw 1 of its levels.

You collected 8 gold pieces.

Inventory:

Hand Weapons
 a - a +0 long sword (weapon)
Armour
 b - a +0 scale mail (worn)
 c - a +0 buckler (worn)
 e - a scarf of repulsion (worn)
Scrolls
 f - a scroll of noise {unknown}
Potions
 d - a potion of might
 g - a potion of invisibility {unknown}


   Skills:
 + Level 3.1 Fighting
 + Level 2.0 Long Blades
 + Level 2.8 Armour
 + Level 2.8 Shields


You had one spell level left.
You didn't know any spells.
Your spell library was empty.

Dungeon Overview and Level Annotations

Branches:
Dungeon (1/15)

Altars:


Innate Abilities, Weirdness & Mutations

Spells you cast may paralyse adjacent enemies.


Message History

You hit the ball python.
The ball python is severely wounded.
The ball python bites you but does no damage.
The ball python constricts you.
The ball python bites you but does no damage.
The ball python constricts you.
You hit the ball python.
You kill the ball python!
No target in view!
f - a scroll labelled WAUN JOIGULAOTH A giant cockroach comes into view.
Found a gluggy blue potion.
A giant cockroach is nearby!
The giant cockroach barely misses you.
A giant cockroach is nearby!
You slash the giant cockroach!
You kill the giant cockroach!
g - a gluggy blue potion No target in view!
A bat comes into view.
You block the bat's attack.
A bat is nearby!
You block the bat's attack. The bat closely misses you.
The bat completely misses you.
You closely miss the bat. You block the bat's attack.
The bat hits you but does no damage.
You barely miss the bat. The bat hits you but does no damage. The bat hits you.
The bat hits you but does no damage. x2
The bat hits you but does no damage. You block the bat's attack.
You slash the bat!
You kill the bat!
Your Long Blades skill increases to level 2!
You have reached level 2!
Your demonic ancestry asserts itself...
A menacing aura infuses your magic.
Save game and exit?
Okay, then.
There is a staircase leading out of the dungeon here.
Are you sure you want to leave the Dungeon?
This will make you lose the game!
You have escaped!

#######################
#####.....######......#+
#...#.....#...##........
#.⌠.#.....#.⌠.##........
#...#.....#...##........
#####.....######........
...............#........
...............#......##
.......@..............##
...............#########
...............# ......
#####.....###### ......
#...#.....#...## ......
#.⌠.#.....#.⌠.## ......
#...#.....#...## ......
#####..(..###### ......
####.######### ......


There were no monsters in sight!

Vanquished Creatures
  A ball python (D:1)
  An endoplasm (D:1)
  A giant cockroach (D:1)
  A goblin (D:1)
  2 bats (D:1)
  A frilled lizard (D:1)
  A rat (D:1)
8 creatures vanquished.

Notes
Turn   | Place    | Note
-------+----------+-------------------------------------------
     0 | D:1      | BritishOli the Demonspawn Fighter began the quest for the
                  | Orb.
     0 | D:1      | Reached XP level 1. HP: 18/18 MP: 1/1
   381 | D:1      | Gained mutation: Spells you cast may paralyse adjacent
                  | enemies. [demonic ancestry]
   381 | D:1      | Reached XP level 2. HP: 23/24 MP: 2/2
   430 | D:$      | Got out of the dungeon alive.

Illustrated notes

Levels and vault maps discovered:
D:1:      minmay_arrival_glassed_features, layout_basic, minmay_unequal

Skill      XL: |  1 |
---------------+----+-----
Long Blades    | 2 |  2.0
Fighting       | |  3.1
Armour         | |  2.8
Shields        | |  2.8

Action                   || total
-------------------------++-------
Melee: Long sword        ||    28
Armor: Scale mail        ||    21
Dodge: Dodged            ||    13
Block: Buckler           ||     7

Table legend: (Time is in decaauts)
 A = Elapsed time spent in this place.
 B = Non-inter-level travel time spent in this place.
 C = Inter-level travel time spent in this place.
 D = Time resting spent in this place.
 E = Time spent auto-exploring this place.
 F = Levels seen in this place.
 G = Mean time per level.
                   A        B        C        D        E       F      G
               +--------+--------+--------+--------+--------+-----+--------+
         Total |    440 |    388 |     52 |      0 |    318 |   1 |  440.0 |
       Dungeon |    440 |    388 |     52 |      0 |    318 |   1 |  440.0 |
               +--------+--------+--------+--------+--------+-----+--------+

Top non-repeatable levels by time:
     D:1: 440 daAuts
